Map: Void Thrashing

Players

NamroodTuo

  • Race: Zerg Zerg

Neca

  • Race: Terran Terran

VOD

Have the link to the VOD?

Description

Time

  • Played on: March 5, 2023, 1:02 p.m.
  • Length: 16:28
Show
View Real Time Build Order
Export as new Build Order

NamroodTuo Zerg 

Build Orders:  

Get SALT Encoding   

  12  0:04  Infested SCV  
  13  0:20  Overlord  
  13  0:28  Infested SCV  
  14  0:42  Infested SCV  
  15  0:55  Infested Barracks  
  15  1:01  Infested SCV  
  15  1:02  Infested SCV  
  17  1:12  Infested SCV  
  18  1:22  Overlord  
  18  1:39  Infested SCV  
  19  1:47  Infested Engineering Bay  
  19  1:54  Infested Refinery  
  19  1:57  Infested Refinery, Infested SCV  
  20  2:05  Infested Marine  
  20  2:06  Infested Marine x2  
  23  2:22  Infestation Level 1  
  23  2:27  Infested SCV  
  24  2:32  Infested SCV  
  25  2:52  Infested Marine  
  25  2:53  Infested Marine x5  
  31  3:05  Infested Barracks Tech Lab  
  31  3:11  Overlord  
  31  3:12  Overlord  
  28  4:06  Infested SCV x2  
  28  4:07  Infested SCV x2  
  26  4:13  Infested Command Center  
  26  4:24  Infested Barracks  
  26  4:52  Infested Marine  
  26  4:53  Infested Marine x9  
  36  5:08  Stukov Infantry Weapons Level 1  
  36  5:13  Retinal Augmentation  
  32  5:27  Infested Marine  
  32  5:28  Infested Marine x7  
  32  5:29  Infested Marine  
  35  5:44  Infestation Level 2  
  35  5:55  Infested SCV x3  
  38  6:10  Infested SCV  
  38  6:11  Infested SCV x3  
  38  6:16  Infested SCV  
  43  6:32  Infested SCV x2  
  40  7:10  Infested SCV  
  40  7:11  Infested SCV  
  40  7:13  Infested SCV  
  40  7:17  Infested Bunker  
  43  7:32  Infested Factory  
  43  7:34  Infested SCV  
  43  7:36  Overlord  
  44  7:44  Anaerobic Enhancement  
  44  7:47  Stukov Infantry Armor Level 1  
  44  7:49  Infested SCV  
  45  7:51  Overlord  
  45  8:16  Infested Marine  
  45  8:17  Infested Marine x7  
  45  8:18  Infested Marine x12  
  65  8:57  Infested SCV x2  
  65  8:58  Infested SCV x2  
  61  9:05  Infested Bunker  
  65  9:10  Infested Barracks  
  65  9:16  Infested SCV  
  66  9:26  Infested Barracks  
  66  9:28  Infested SCV x2  
  66  9:29  Infested SCV x2  
  58  9:49  Infested Barracks  
  58  9:52  Infested Barracks  
  58  10:02  Infested Marine  
  58  10:03  Infested Marine x11  
  58  10:04  Infested Marine x8  
  78  10:24  Overlord x8  
  78  10:25  Overlord  
  78  10:46  Overlord x2  
  78  10:52  Stukov Infantry Armor Level 2  
  78  11:07  Infested SCV  
  79  11:14  Infested Refinery, Infested Missile Turret  
  79  11:18  Infested Refinery  
  63  11:20  Infested Bunker  
  63  11:27  Infested Missile Turret  
  63  11:43  Infested Marine  
  63  11:44  Infested Marine x20  
  63  11:45  Infested Marine x14  
  63  11:46  Infested Marine  
  99  11:59  Infested Marine  
  100  12:00  Infested Marine x18  
  100  12:01  Infested Marine  
  119  12:21  Infested Marine  
  119  12:22  Infested Marine x8  
  119  12:23  Infested Marine x15  
  143  12:35  Infested Marine  
  143  12:36  Infested Marine x15  
  143  12:37  Infested Marine x10  
  163  12:49  Infested Marine x2  
  159  12:50  Infested Marine x8  
  159  12:56  Infested Marine  
  159  12:57  Infested Marine x10  
  159  12:58  Infested Marine x5  
  130  13:32  Infested Marine x6  
  130  13:33  Infested Marine x20  
  130  13:34  Infested Marine x8  
  149  13:48  Infested Marine x4  
  149  13:49  Infested Marine x21  
  158  13:50  Infested Marine x3  
  151  14:06  Infested Marine  
  151  14:07  Infested Marine x18  
  138  14:33  Infested Marine  
  138  14:34  Infested Marine x17  
  138  14:35  Infested Marine x17  
  157  14:45  Infested Marine  
  157  14:46  Infested Marine x7  
  157  14:47  Infested Marine x5  
  111  15:11  Infested Marine  
  111  15:12  Infested Marine x17  
  111  15:13  Infested Marine x14  
  142  15:29  Infested Marine  
  132  15:30  Infested Marine x6  
  132  15:31  Infested Marine x15  
  132  15:38  Infested Marine  
  132  15:39  Infested Marine x7  
  152  15:40  Infested Marine x4  
  152  15:46  Infested Marine  
  152  15:47  Infested Marine x5  
  152  15:48  Infested Marine x2  
  139  15:57  Infested Marine x5  
  139  15:58  Infested Marine x7  
Show
View Real Time Build Order
Export as new Build Order

Neca Terran 

Build Orders:  

Get SALT Encoding   

  12  0:04  SCV  
  13  0:13  SCV  
  14  0:21  SCV  
  14  0:29  Dominion Trooper x6, Supply Bunker  
  21  0:33  SCV  
  22  0:41  SCV  
  22  0:49  SCV  
  24  0:57  Supply Bunker  
  24  0:59  SCV  
  25  1:05  Refinery  
  25  1:07  SCV  
  26  1:10  Refinery  
  26  1:15  SCV  
  27  1:23  SCV  
  28  1:31  SCV  
  28  1:39  SCV  
  30  1:47  SCV  
  31  1:55  SCV  
  32  2:02  SCV  
  33  2:10  SCV  
  34  2:20  SCV  
  34  2:29  SCV x6  
  41  2:31  Dominion Trooper x6, Supply Bunker  
  41  2:37  SCV  
  41  2:38  SCV x5  
  41  2:52  Command Center  
  41  2:56  SCV  
  42  3:04  SCV  
  42  3:05  Barracks  
  43  3:16  SCV  
  44  3:24  SCV  
  44  3:26  Refinery  
  44  3:29  Refinery  
  45  3:32  SCV  
  45  3:34  SCV  
  47  3:40  SCV  
  47  3:42  SCV  
  47  3:47  Factory  
  47  3:48  SCV  
  50  3:50  SCV  
  50  3:56  SCV  
  50  3:58  SCV  
  50  3:59  Marauder  
  57  4:04  SCV  
  57  4:06  SCV  
  59  4:12  SCV  
  59  4:14  SCV  
  61  4:20  SCV  
  61  4:27  Starport  
  62  4:34  Dominion Trooper  
  62  4:35  Dominion Trooper x3  
  62  4:44  SCV x4  
  62  5:14  Fusion Core  
  62  5:25  Engineering Bay  
  62  5:32  Engineering Bay  
  62  5:40  SCV  
  63  5:52  Supply Bunker  
  63  6:03  Imperial Witness  
  65  6:14  Supply Bunker  
  65  6:15  Armory, Amplified Airwaves  
  65  6:33  Imperial Witness  
  65  6:35  Supply Bunker  
  65  6:38  Command Center  
  67  6:57  Supply Bunker  
  67  7:03  Imperial Witness  
  67  7:08  Neosteel Armor, Orbital Trooper Pods  
  69  7:19  Supply Bunker  
  69  7:28  Dominion Trooper x7  
  72  7:30  Dominion Trooper  
  72  7:31  Dominion Trooper x2  
  72  7:38  Dominion Trooper  
  72  7:39  Dominion Trooper x2  
  78  7:40  Supply Bunker  
  78  7:46  Dominion Trooper  
  78  7:47  Dominion Trooper x2  
  81  7:54  Dominion Trooper  
  81  7:55  Dominion Trooper x2  
  84  8:02  Dominion Trooper, Supply Bunker  
  84  8:03  Dominion Trooper x2  
  84  8:06  Marauder  
  91  8:10  Dominion Trooper x3  
  91  8:11  Terran Infantry Weapons Level 1  
  91  8:18  Dominion Trooper x3  
  97  8:23  Supply Bunker  
  97  8:26  Dominion Trooper x3  
  100  8:34  Dominion Trooper x3  
  100  8:36  Marauder  
  100  8:38  Terran Infantry Armor Level 1  
  107  8:41  Dominion Trooper  
  107  8:42  Dominion Trooper x2  
  107  8:49  Dominion Trooper  
  111  8:50  Dominion Trooper x2  
  111  8:57  Dominion Trooper, Supply Bunker  
  111  8:58  Dominion Trooper x2  
  116  9:05  Dominion Trooper  
  116  9:06  Dominion Trooper x2  
  119  9:13  Dominion Trooper  
  119  9:14  Dominion Trooper x2  
  122  9:20  Supply Bunker  
  122  9:21  Dominion Trooper  
  122  9:22  Dominion Trooper x2  
  122  9:29  Dominion Trooper  
  126  9:30  Dominion Trooper x2  
  126  9:37  Dominion Trooper  
  126  9:38  Dominion Trooper x2  
  131  9:41  Supply Bunker  
  131  9:45  Dominion Trooper  
  131  9:46  Dominion Trooper x2  
  134  9:51  Unknown x4  
  134  9:53  Dominion Trooper  
  134  9:54  Dominion Trooper x2, Unknown x2  
  134  9:55  Unknown x4  
  134  9:58  Unknown  
  119  10:00  Unknown  
  119  10:01  Dominion Trooper  
  119  10:02  Dominion Trooper x2  
  119  10:04  Supply Bunker  
  119  10:09  Dominion Trooper, Unknown  
  118  10:10  Dominion Trooper x2, Unknown x2  
  118  10:12  Unknown x8  
  118  10:13  Unknown x11  
  118  10:17  Dominion Trooper x2  
  114  10:26  Dominion Trooper x3  
  117  10:34  Dominion Trooper x3  
  120  10:42  Dominion Trooper x3  
  120  10:45  Dominion Trooper  
  120  10:49  Dominion Trooper  
  124  10:50  Dominion Trooper x2  
  124  10:57  Dominion Trooper  
  124  10:58  Dominion Trooper x2  
  129  11:05  Dominion Trooper  
  129  11:06  Dominion Trooper x2  
  132  11:13  Dominion Trooper  
  132  11:14  Dominion Trooper x2  
  135  11:21  Dominion Trooper  
  135  11:22  Dominion Trooper x2  
  135  11:25  Terran Infantry Weapons Level 2  
  135  11:29  Dominion Trooper, Terran Infantry Armor Level 2  
  139  11:30  Dominion Trooper x2  
  139  11:37  Dominion Trooper  
  139  11:38  Dominion Trooper x2  
  144  11:45  Dominion Trooper  
  144  11:46  Dominion Trooper x2  
  147  11:53  Dominion Trooper  
  147  11:54  Dominion Trooper x2  
  150  12:01  Dominion Trooper  
  150  12:02  Dominion Trooper x2  
  150  12:09  Dominion Trooper  
  154  12:10  Dominion Trooper x2  
  154  12:17  Dominion Trooper  
  154  12:18  Dominion Trooper x2  
  156  12:55  Unknown  
  155  13:06  Unknown x2  
  155  13:07  Unknown  
  151  13:17  Unknown x11  
  151  13:18  Unknown x4  
  153  13:34  Dominion Trooper  
  153  13:35  Dominion Trooper x2  
  156  13:42  Dominion Trooper  
  156  13:43  Dominion Trooper x2  
  159  13:50  Dominion Trooper  
  159  13:51  Dominion Trooper x2  
  159  13:58  Dominion Trooper  
  159  13:59  Dominion Trooper x2  
  164  14:06  Dominion Trooper  
  164  14:07  Dominion Trooper x2  
  167  14:14  Dominion Trooper x2  
  167  14:15  Dominion Trooper  
  170  14:22  Dominion Trooper x3  
  173  14:30  Dominion Trooper x3  
  173  14:38  Dominion Trooper x3  
  179  14:43  Unknown  
  179  14:45  Dominion Trooper  
  179  14:46  Dominion Trooper x2, Unknown  
  178  14:53  Dominion Trooper  
  178  14:54  Dominion Trooper x2, Unknown  
  178  15:01  Dominion Trooper  
  178  15:02  Dominion Trooper x2  
  178  15:09  Dominion Trooper  
  182  15:10  Dominion Trooper x2  
  182  15:17  Dominion Trooper  
  182  15:18  Dominion Trooper x2  
  187  15:24  Unknown  
  187  15:25  Dominion Trooper, Unknown x4  
  187  15:26  Dominion Trooper x2  
  183  15:31  Unknown  
  183  15:33  Dominion Trooper, Unknown  
  183  15:34  Dominion Trooper x2, Unknown x3  
  183  15:35  Unknown  
  183  15:37  Unknown x2  
  172  15:41  Dominion Trooper  
  172  15:42  Dominion Trooper x2  
  172  15:45  Unknown x2  
  172  15:46  Unknown x2  
  172  15:49  Dominion Trooper, Unknown x2  
  168  15:50  Dominion Trooper x2  
  168  15:51  Unknown  
  168  15:54  Unknown  
  168  15:55  Unknown  
  168  15:57  Dominion Trooper, Unknown  
  168  15:58  Dominion Trooper x2, Unknown  
  168  15:59  Unknown  
  164  16:01  Unknown  
  164  16:02  Unknown  
  164  16:04  Unknown  
  164  16:05  Dominion Trooper  
  164  16:06  Dominion Trooper x2, Unknown  
  164  16:09  Unknown  
  154  16:10  Unknown x6  
  154  16:11  Unknown x2  
  154  16:13  Dominion Trooper  
  154  16:14  Dominion Trooper x2, Unknown  
  154  16:17  Unknown  
  154  16:18  Unknown  
  143  16:21  Dominion Trooper x2  
  143  16:22  Dominion Trooper  
Tags
 
Commander
MengskStukov
Matchup
Co-op
Replay Pack
Multiplayer
Add a new tag
Caveats
  • Supply blocks, unpowered buildings, or Contaminate may cause inaccurate times.
  • Supply counts are checked every 10 seconds.